 Dungeon Crawl Stone Soup version 0.21.1-1-g345015f (webtiles) character file.

94 Iko the Skirmisher (level 4, -3/67 HPs)
             Began as a Hill Orc Berserker on May 5, 2018.
             Was a Believer of Trog.
             Slain by a scorpion (4 damage)
             ... on level 5 of the Dungeon.
             The game lasted 00:09:13 (1127 turns).

Iko the Skirmisher (Hill Orc Berserker)             Turns: 1127, Time: 00:09:13

Health: -3/67      AC:  5    Str: 24    XL:     4   Next: 63%
Magic:  4/4        EV: 11    Int:  8    God:    Trog [**....]
Gold:   51         SH:  0    Dex: 10    Spells: 3/3 levels left

rFire    . . .     SeeInvis .   g - -3 spear (curse)
rCold    . . .     Gourm    .   (no shield)
rNeg     . . .     Faith    .   f - +0 ring mail
rPois    .         Spirit   .   (no helmet)
rElec    .         Reflect  .   (no cloak)
rCorr    +         Harm     .   (no gloves)
MR       .....     Clarity  +   (no boots)
Stlth    ..........             (no amulet)
HPRegen  0.21/turn              h - ring of resist corrosion
MPRegen  0.09/turn              (no ring)

@: berserking, lethally poisoned (-3 -> -23), very quick
A: clarity, robust 1
a: Berserk, Trog's Hand, Burn Spellbooks, Renounce Religion


You were on level 5 of the Dungeon.
You worshipped Trog.
Trog was pleased with you.
You were not hungry.

You visited 1 branch of the dungeon, and saw 5 of its levels.

You collected 51 gold pieces.

Inventory:

Hand Weapons
 a - a +0 falchion
 g - a cursed -3 spear (weapon)
Missiles
 d - 4 poisoned tomahawks (quivered)
Armour
 f - a +0 ring mail (worn)
Jewellery
 h - a ring of resist corrosion (left hand)
Scrolls
 b - a scroll of fog
 e - 2 scrolls of identify
Comestibles
 c - 9 rations


   Skills:
 + Level 4.6 Fighting
 + Level 4.3 Long Blades
 + Level 0.1 Throwing
 + Level 2.8 Armour
 + Level 2.0 Dodging


You had 3 spell levels left.
You didn't know any spells.

Dungeon Overview and Level Annotations

Branches:
Dungeon (5/15)
 Temple: D:4-7

Altars:
Cheibriados
Okawaru


Innate Abilities, Weirdness & Mutations

You possess an exceptional clarity of mind.
You are robust. (+10% HP)


Message History

You are more poisoned.
The scorpion poisons you!
* * * LOW HITPOINT WARNING * * *
You feel sick.
You climb downwards.
You feel a strong urge to attack something.
* * * LOW HITPOINT WARNING * * *
You feel sick.
Found a brown potion.
There is a stone staircase leading up here.
You are too berserk!
You hit the scorpion.
The scorpion is heavily wounded.
* * * LOW HITPOINT WARNING * * *
You feel sick. The scorpion barely misses you.
You closely miss the scorpion.
The scorpion is heavily wounded.
* * * LOW HITPOINT WARNING * * *
You feel sick. The scorpion stings you.
You die...

#. #. #.
##!## .
##...## #.#
##.....##...#
#........#
#...@s#
##...## ##.##
##


You could see a scorpion.

Vanquished Creatures
  4 gnolls (D:3)
  2 adders (D:2)
  2 worms (D:2)
  A dart slug (D:2)
  5 orcs
  2 giant cockroaches (D:1)
  2 goblins (D:1)
  2 hobgoblins
  A ball python (D:2)
  2 bats (D:1)
  2 frilled lizards
  3 kobolds
  3 rats
31 creatures vanquished.

Notes
Turn   | Place    | Note
-------+----------+-------------------------------------------
     0 | D:1      | Iko the Hill Orc Berserker began the quest for the Orb.
     0 | D:1      | Reached XP level 1. HP: 19/19 MP: 1/1
   113 | D:1      | Gained mutation: You possess an exceptional clarity of mind. [potion of mutation]
   113 | D:1      | Gained mutation: You are robust. (+10% HP) [potion of mutation]
   544 | D:1      | Reached XP level 2. HP: 29/29 MP: 2/2
   620 | D:2      | Found a snail-covered altar of Cheibriados.
   634 | D:2      | Reached XP level 3. HP: 18/36 MP: 3/3
   812 | D:3      | Found an iron altar of Okawaru.
   845 | D:3      | Reached ** piety under Trog
   913 | D:3      | Reached XP level 4. HP: 45/45 MP: 4/4
  1090 | D:4      | Paralysed by fainting for 7 turns
  1125 | D:5      | Entered Level 5 of the Dungeon
  1126 | D:5      | HP: 3/67 [poisoned by a scorpion]
  1127 | D:5      | HP: 1/67 [poisoned by a scorpion]
  1127 | D:5      | Slain by a scorpion

Skill      XL: |  1  2  3 |
---------------+----------+-----
Fighting       | 4 |  4.6
Long Blades    | 4 |  4.3
Dodging        | 2 |  2.0
Throwing       | |  0.1
Armour         | |  2.8

Action                   |  1- 3 |  4- 6 || total
-------------------------+-------+-------++-------
Melee: Falchion          |    69 |     9 ||    78
       Spear             |       |    34 ||    34
Throw: Tomahawk          |    15 |     4 ||    19
Invok: Berserk           |       |     3 ||     3
  Use: Potion            |     4 |     1 ||     5
       Scroll            |     4 |     2 ||     6
  Eat: Ration            |       |     1 ||     1
Armor: Ring mail         |    37 |    11 ||    48
Dodge: Dodged            |    52 |    25 ||    77
       Rpst.: Falchion   |    15 |       ||    15
